 Dungeon Sprint DCSS version 0.30.1-11-g7821555f0a (webtiles) character file.

Game seed: 15769060058541770822

34 rocky1 the Insei (level 3, -2/28 HPs)
             Began as a Demigod Transmuter on Nov 17, 2023.
             Slain by a human (9 damage)
             ... in the Dungeon (Sprint III: "The Ten Rune Challenge").
             The game lasted 00:00:42 (194 turns).

rocky1 the Insei (Demigod Transmuter)                Turns: 194, Time: 00:00:43

Health: -2/28      AC:  2    Str: 11    XL:     3   Next: 1%
Magic:  9/9        EV: 13    Int: 15    God:
Gold:   0          SH:  0    Dex: 18    Spells: 6/7 levels left

rFire   . .          .
                       - Unarmed
rCold   . . .        (no shield)
rNeg    . . .        a - +0 robe
rPois   .            (no helmet)
rElec   .            (no cloak)
rCorr   .            (no gloves)
SInv    .            (no boots)
Will    .....        (no amulet)
Stlth   ++           (no ring)
HPRegen 0.24/turn    (no ring)
MPRegen 0.11/turn

%: no teleportation
@: no status effects
A: high MP 1, forlorn, divine attributes
a: no special abilities


You were in the Dungeon.
You visited 1 branch

Inventory:

Armour
 a - a +0 robe (worn)
Scrolls
 h - a scroll of blinking
Potions
 b - a potion of lignification
 c - a potion of curing
 d - 2 potions of heal wounds
 e - a potion of haste
 f - 2 potions of magic
 g - a potion of berserk rage


   Skills:
 + Level 1.0 Fighting
 + Level 2.4 Dodging
 + Level 0.6 Stealth
 + Level 5.2 Unarmed Combat
 + Level 2.6 Spellcasting
 + Level 2.4 Transmutations


You had 6 spell levels left.
You knew the following spells:

 Your Spells              Type           Power      Damage    Failure   Level
a - Beastly Appendage     Tmut           18%        N/A       8%          1

Your spell library contained the following spells:

 Spells                   Type           Power      Damage    Failure   Level
 Wereblood                Tmut           9%         N/A       12%         2
 Spider Form              Tmut/Pois      5%         N/A       36%         3
 Ice Form                 Ice/Tmut       5%         N/A       77%         4


Dungeon Overview and Level Annotations

Branches:
Dungeon (1/1)


Innate Abilities, Weirdness & Mutations

You have an increased reservoir of magic. (+10% MP)
You shall have no god before yourself.
Your divine heritage dramatically boosts your attributes as you level up.


Message History

You hit the human.
The human is lightly wounded.
The human closely misses you.
You hit the human. Your punch misses the human.
The human is lightly wounded.
The human barely misses you.
You barely miss the human. You punch the human, but do no damage.
The human is lightly wounded.
The human hits you!
You barely miss the human.
The human is lightly wounded.
You hit the human.
The human is moderately wounded.
The human barely misses you.
You hit the human but do no damage.
The human is moderately wounded.
The human barely misses you.
You barely miss the human.
The human is moderately wounded.
The human misses you.
You barely miss the human.
The human is moderately wounded.
The human hits you.
You punch the human!
The human is heavily wounded.
The human closely misses you.
You hit the human.
The human is severely wounded.
The human hits you.
You hit the human.
The human is severely wounded.
The human hits you.
* * * LOW HITPOINT WARNING * * *
You barely miss the human.
The human is severely wounded.
The human hits you but does no damage.
You punch the human!
The human is almost dead.
The human hits you!
You die...

▓...#......##
▓..##..).†..# .#
▓##.##.##...# .#
##.##.###..# ..#
▓#.####.##..# ...+
▓.###..##..##
#...# ▓#.....##..#
#p...#
###..##...##.....#
##..##...@#......#
#..###..##p#.....#
#..# #.. ####....#
▓▓▓▓ ▓▓▓ ▓▓▓▓▓


You could see a human.

Vanquished Creatures
  Jessica (D)
  A phantom (D)
  2 endoplasms (D)
  A rat (D)
5 creatures vanquished.

Notes
Turn   | Place    | Note
-------+----------+-------------------------------------------
     0 | D        | rocky1 the Demigod Transmuter began the quest for the Orb.
     0 | D        | Reached XP level 1. HP: 15/15 MP: 5/5
    12 | D        | Reached skill level 3 in Unarmed Combat
    60 | D        | Noticed Jessica
    77 | D        | Killed Jessica
    78 | D        | Reached skill level 1 in Fighting
    78 | D        | Reached skill level 5 in Unarmed Combat
    78 | D        | Reached XP level 2. HP: 5/23 MP: 6/8
   177 | D        | Reached XP level 3. HP: 27/28 MP: 9/9
   194 | D        | Slain by a human

Illustrated notes

Levels and vault maps discovered:
D:        dungeon_sprint_mu [sprint_mu_entry_cave, sprint_mu_temple_rooms,
          sprint_mu_d1_spiders, sprint_mu_d2_genie, sprint_mu_d3_branching,
          sprint_mu_orc_legion, sprint_mu_elf_gauntlet, sprint_mu_hive_nellie,
          sprint_mu_lair_fedhas, sprint_mu_vaults_butterflies,
          sprint_mu_slime_circle, sprint_mu_shoals_kraken,
          sprint_mu_snake_twists, sprint_mu_blade_basic,
          sprint_mu_crypt_chambers, sprint_mu_tomb_spiral,
          sprint_mu_vestibule_basic, sprint_mu_gehenna_hellfire,
          sprint_mu_dis_giant, sprint_mu_tartarus_statrot,
          sprint_mu_cocytus_islands, sprint_mu_zot1]

Skill      XL: |  1 |
---------------+----+-----
Unarmed Combat | 5 |  5.2
Spellcasting   | 2 |  2.6
Fighting       | 1 |  1.0
Dodging        | 2 |  2.4
Transmutations | 2 |  2.4
Stealth        | |  0.6

Action                     || total
---------------------------++-------
  Melee: Unarmed           ||    46
         Punch             ||     2
   Stab: Sleeping          ||     1
 Armour: Robe              ||     4
  Dodge: Dodged            ||    25
